 Dungeon Sprint DCSS version 0.17-a0-1763-g847a857 (webtiles) character file.

124667 Kidiri the Imperceptible (level 15, -11/63 HPs)
             Began as a Spriggan Enchanter on Sept 4, 2015.
             Was the Champion of Dithmenos.
             Killed by an exploding ball lightning (25 damage)
             ... in the Dungeon (Sprint III: "The Ten Rune Challenge").
             The game lasted 01:09:13 (10569 turns).

Kidiri the Imperceptible (Spriggan Enchanter)      Turns: 10569, Time: 01:09:13

Health: -11/63     AC: 10    Str:  4    XL:     15   Next: 69%
Magic:  42/50      EV: 41    Int: 31    God:    Dithmenos [******]
Gold:   882        SH:  0    Dex: 22    Spells: 16 memorised, 1 level left

rFire  . . .     SeeInvis +     A - +9 short sword of the Thirteen Lives {pierce, Int+6 SInv Stlth-}
rCold  + + .     Clarity  .     u - +2 robe {rPois}
rNeg   . . .     SustAt   .     (shield restricted)
rPois  +         Gourm    .     d - +3 hat of Pondering {ponderous, MR+ MP+10 Int+5}
rElec  .         Spirit   .     T - +1 cloak {+Inv}
rCorr  .         Warding  .     (gloves unavailable)
rMut   +         NoTele   +     (boots unavailable)
MR     +++..                    M - amulet of resist mutation
Stlth  ++++++++++               (no ring)
                                N - ring of protection from cold

@: wreathed by umbra, very quick, extremely resistant to hostile enchantments,
uncannily stealthy
A: unfitting armour, molten scales 1, see invisible, agile 1, cold resistance 1,
herbivore 3, speed 3, screaming 1, slow metabolism 2, wild magic 2
a: Shadow Step, Shadow Form, Renounce Religion, Evoke Invisibility
}: 2/10 runes: serpentine, barnacled


You were in the Dungeon.
You worshipped Dithmenos.
Dithmenos was exalted by your worship.
You were hungry.

You visited 1 branch You collected 1507 gold pieces.
You spent 625 gold pieces at shops.

Inventory:

Hand weapons
 A - the +9 short sword of the Thirteen Lives (weapon) {pierce, Int+6 SInv Stlth-}
   (You took it off a deep elf conjurer in the Dungeon)

   It inflicts extra damage upon your enemies.
   It affects your intelligence (+6).
   It lets you see invisible.
   It makes you less stealthy.
Armour
 d - the +3 hat of Pondering (worn) {ponderous, MR+ MP+10 Int+5}
   (You took it off Gastronok in the Dungeon)

   It affects your intelligence (+5).
   It affects your resistance to hostile enchantments.
   It affects your magic capacity (+10).
 k - a +1 robe of cold resistance
 u - a +2 robe of poison resistance (worn)
 T - a +1 cloak of invisibility (worn)
Jewellery
 M - an amulet of resist mutation (around neck)
 N - a ring of protection from cold (left hand)
Magical devices
 a - a wand of enslavement (11)
 U - a wand of paralysis (8)
Scrolls
 h - a scroll of identify
 l - 6 scrolls of amnesia
 o - 3 scrolls of remove curse
 q - a scroll of holy word
 t - a scroll of enchant weapon
Potions
 b - a potion of might
 e - 4 potions of curing
 g - a potion of haste
 i - 2 potions of berserk rage
 p - 2 potions of cure mutation
 s - 3 potions of agility
 v - a potion of brilliance
 x - a potion of invisibility
Books
 W - the Handbook of Ice and Arcane Weapons
   (You found it in the Dungeon)

   Spells                             Type                      Level
   a - Freeze                         Ice                          1
   b - Ensorcelled Hibernation        Hexes/Ice                    2
   c - Mephitic Cloud                 Conjuration/Poison/Air       3
   d - Throw Icicle                   Conjuration/Ice              4
   e - Summon Ice Beast               Ice/Summoning                4
   f - Poisonous Cloud                Conjuration/Poison/Air       6
Comestibles
 f - 2 fruits
 r - 28 royal jellies


   Skills:
 + Level 14.4 Short Blades
 * Level 24.2 Dodging
 * Level 25.8 Stealth
 * Level 20.9 Spellcasting
 + Level 10.4 Conjurations
 + Level 15.9 Hexes
 + Level 15.6 Translocations
 + Level 15.9 Transmutations
 + Level 11.3 Ice Magic
 + Level 6.5 Air Magic
 + Level 11.8 Earth Magic
 + Level 7.2 Poison Magic
 - Level 2.6 Invocations
 + Level 9.4 Evocations


You had one spell level left.
You knew the following spells:

 Your Spells              Type           Power        Failure   Level  Hunger
a - Corona                Hex            #######      1%          1    None
b - Ensorcelled Hibernat  Hex/Ice        ######       1%          2    None
c - Confuse               Hex            ########     1%          3    None
d - Tukima's Dance        Hex            ########     1%          3    None
e - Dazzling Spray        Conj/Hex       ########     1%          3    None
f - Stoneskin             Trmt/Erth      ########     1%          2    None
g - Stone Arrow           Conj/Erth      ######       2%          3    None
h - Passwall              Trmt/Erth      ########..   1%          3    None
i - Petrify               Trmt/Erth      ########     2%          4    None
j - Lee's Rapid Deconstr  Erth           ########..   4%          5    None
k - Phase Shift           Tloc           ########..   2%          5    None
l - Darkness              Hex            ########..   4%          6    None
m - Mass Confusion        Hex            ########..   4%          6    None
n - Apportation           Tloc           ########..   1%          1    None
o - Mephitic Cloud        Conj/Pois/Air  ########     3%          3    None
p - Throw Icicle          Conj/Ice       ########     3%          4    None


Dungeon Overview and Level Annotations

Branches:
Dungeon (1/1)

Altars:
Cheibriados
Dithmenos
Elyvilon
Fedhas
Gozag
Kikubaaqudgha
Makhleb
Nemelex Xobeh
Okawaru
Qazlal
Ru
Sif Muna
Trog
Vehumet
Xom
Yredelemnul
Zin
The Shining One
Beogh
Jiyva
Lugonu

Shops:
D ?(=!:[*%}%!?=**!=%}([:[

Annotations:
D Roxanne


Innate Abilities, Weirdness & Mutations

You are tiny and cannot use many weapons and most armour.
You have supernaturally acute eyesight.
You are a herbivore.
You cover ground extremely quickly.
You need consume almost no food.
You are partially covered in molten scales (AC +1).
You are agile. (Dex +2)
Your flesh is cold resistant.
You occasionally shout uncontrollably at your foes.
Your spells are harder to cast, but more powerful.


Message History

Aim: a ball lightning (black smoke, umbra, magic immune)
Okay, then.
Unknown command.
Unknown command.
Drink which item? (? for menu, Esc to quit)
Okay, then.
Unknown command.
Casting: Stone Arrow
Confirm with . or Enter, or press ? or * to list all spells.
Okay, then.
Unknown command.
Unknown command.
Unknown command.
Unknown command.
Unknown command.
Drink which item? (? for menu, Esc to quit)
You feel better.
The ball lightning explodes!
The blast of lightning engulfs you!
You die...

,**,,,,,,,,*+**#.....§§#####..≈#.
,**≈,,,,,,≈*≈≈≈##....§##^(.##.≈#.
***,≈,,,,≈,*+*+*##...###^#..##'##
******++****,*,* ##+####.##.##...
,**,,+,,,,,*+*####.≈≈≈'#^##.####.
**********,*,,+∩∩#.≈≈.#(.##......
,,*,,,* #*,***#∩∩#.≈≈.#######+###
,,*,,,**#...###§§#..≈.#.,+≈⌠,,,≈,
,,+,,,+,..8...+§@§z.≈≈'.,*≈≈,≈,≈,
,,*,,,**#...###§§#≈≈≈.#.,*,≈,≈,≈,
,,*,,,* #*,**∩#..#z..P#,,*,,,≈,,,
**********,*,,#(.####'#******+***
,**,,,,,,*+*+*#..#,*,*.#,*,*,*,*,
,**,,,,,,*,+,,+..+*,*,*.*,*,*,*,*
,**,,,,,,*,***#..#,*,*,*,*,*,*,*,
***,,,,,,+,*,*####***************
* *,,,,,,***,*,,,,,,,*,,,,+,,,,*,


You could see a skeletal warrior and an active ballistomycete.

Vanquished Creatures
  Mara (D)
  Frederick (D)
  2 liches (D)
  Rupert (D)
  A deep elf blademaster (D)
  2 sphinxes (D)
  A kraken (D)
  Gastronok (D)
  Harold (D)
  Chuck (D)
  2 shadow dragons (D)
  4 azure jellies (D)
  A greater naga (D)
  2 vampire knights (D)
  3 deep elf demonologists (D)
  2 dire elephants (D)
  2 mummy priests (D)
  A yaktaur captain (D)
  A fire dragon (D)
  A deep elf death mage (D)
  A deep elf high priest (D)
  2 hydras (D)
  An anaconda (shapeshifter) (D)
  A naga warrior (D)
  3 centaur warriors (D)
  Erica (D)
  5 anacondas (D)
  2 alligator snapping turtles (D)
  4 death yaks (D)
  4 dancing weapons (D)
  A deep elf knight (D)
  4 hell knights (D)
  An iron golem (D)
  A shadow wraith (D)
  An unseen horror (D)
  A death drake (D)
  2 skeletal warriors (D)
  A spriggan druid (D)
  A lindwurm (D)
  2 obsidian statues (D)
  Joseph (D)
  4 crystal guardians (D)
  A manticore (shapeshifter) (D)
  2 deep elf conjurers (D)
  5 ugly things (D)
  An orc sorcerer (D)
  2 oklob plants (D)
  2 elephants (D)
  A guardian serpent (D)
  8 black mambas (D)
  A molten gargoyle (D)
  4 statues (D)
  2 spiny frogs (D)
  A komodo dragon (D)
  7 guardian mummies (D)
  A fire drake (D)
  3 deep elf priests (D)
  4 spriggan defenders (D)
  A queen bee (D)
  4 snapping turtles (D)
  A slime creature (shapeshifter) (D)
  An orc high priest (D)
  9 slime creatures (D)
  3 wandering mushrooms (D)
  8 blink frogs (D)
  3 redbacks (D)
  2 spriggans (D)
  A shadow (D)
  A hippogriff (shapeshifter) (D)
  A spatial vortex (D)
  2 nagas (D)
  4 water moccasins (D)
  A swamp drake (D)
  A necrophage (D)
  An orc warrior (D)
  2 centaurs (D)
  An earth elemental (D)
  2 brain worms (D)
  A water elemental (D)
  A scorpion (D)
  An electric eel (D)
  32 killer bees (D)
  A jelly (D)
  A wizard (D)
  4 orc priests (D)
  Jessica (D)
  2 orc wizards (D)
  2 necromancers (D)
  A kobold demonologist (D)
  3 humans (D)
  2 adders (D)
  An ooze (D)
  8 orcs (D)
  A rat (D)
  A plant (D)
232 creatures vanquished.

Vanquished Creatures (collateral kills)
  Maud (D)
  An ogre mage (D)
  A deep elf priest (D)
  3 orc high priests (D)
  An orc warrior (D)
7 creatures vanquished.

Vanquished Creatures (others)
  2 draconian scorchers (D)
  2 dancing weapons (D)
  4 ball lightnings (D)
  A hornet (D)
  3 yaktaurs (D)
  A wasp (D)
  An orc (D)
  4 ballistomycetes (D)
  A bush (D)
  3 giant spores (D)
  14 plants (D)
  13 tentacles (D)
  111 tentacle segments (D)
160 creatures vanquished.

Grand Total: 399 creatures vanquished

Notes
Turn   | Place    | Note
--------------------------------------------------------------
     0 | D        | Kidiri the Spriggan Enchanter began the quest for the Orb.
     0 | D        | Reached XP level 1. HP: 9/9 MP: 5/5
     9 | D        | Reached skill level 5 in Stealth
    27 | D        | Noticed Jessica
    42 | D        | Killed Jessica
    42 | D        | Reached skill level 5 in Dodging
    42 | D        | Reached skill level 6 in Stealth
    42 | D        | Reached XP level 2. HP: 13/13 MP: 4/8
    42 | D        | Reached XP level 3. HP: 16/16 MP: 4/9
    46 | D        | Learned a level 2 spell: Ensorcelled Hibernation
    50 | D        | Learned a level 3 spell: Confuse
    54 | D        | Learned a level 3 spell: Tukima's Dance
   170 | D        | Noticed a scorpion
   173 | D        | Killed a scorpion
   173 | D        | Reached skill level 7 in Stealth
   173 | D        | Reached skill level 5 in Spellcasting
   173 | D        | Reached skill level 5 in Hexes
   173 | D        | Reached skill level 1 in Ice Magic
   173 | D        | Reached XP level 4. HP: 21/21 MP: 10/12
   181 | D        | Learned a level 3 spell: Dazzling Spray
   195 | D        | Killed a white draconian scorcher
   198 | D        | Gained mutation: You are dopey. (Int -2) [potion of mutation]
   198 | D        | Gained mutation: You are clumsy. (Dex -2) [potion of mutation]
   198 | D        | Gained mutation: You can translocate small distances at will. [potion of mutation]
   199 | D        | Lost mutation: You are dopey. (Int -2) [potion of cure mutation]
   199 | D        | Lost mutation: You are clumsy. (Dex -2) [potion of cure mutation]
   199 | D        | Lost mutation: You can translocate small distances at will. [potion of cure mutation]
   200 | D        | Gained mutation: Your spells are a little harder to cast, but a little more powerful. [potion of mutation]
   200 | D        | Gained mutation: Your flesh is cold resistant. [potion of mutation]
   200 | D        | Gained mutation: You have large cloven feet. [potion of mutation]
   201 | D        | Gained mutation: You are partially covered in molten scales (AC +1). [potion of mutation]
   201 | D        | Killed a yaktaur
   211 | D        | Noticed a water elemental
   213 | D        | Killed a water elemental
   213 | D        | Reached skill level 8 in Stealth
   213 | D        | Reached skill level 1 in Conjurations
   213 | D        | Reached XP level 5. HP: 24/24 MP: 12/14
   223 | D        | Noticed a jelly
   224 | D        | Noticed a shadow
   226 | D        | Killed a shadow
   226 | D        | Reached skill level 9 in Dodging
   226 | D        | Reached skill level 10 in Stealth
   226 | D        | Reached XP level 6. HP: 28/28 MP: 13/17
   230 | D        | Killed a jelly
   237 | D        | Found a stormy altar of Qazlal.
   238 | D        | Noticed a spatial vortex
   238 | D        | Found a sacrificial altar of Ru.
   238 | D        | Found a burning altar of Makhleb.
   238 | D        | Found a viscous altar of Jiyva.
   238 | D        | Found a shimmering altar of Xom.
   238 | D        | Found a shadowy altar of Dithmenos.
   238 | D        | Found a sparkling altar of Nemelex Xobeh.
   238 | D        | Found a corrupted altar of Lugonu.
   238 | D        | Found an opulent altar of Gozag.
   242 | D        | Became a worshipper of Dithmenos the Shadowed
   395 | D        | Killed a white draconian scorcher
   434 | D        | Killed a yaktaur
   588 | D        | Found a radiant altar of Vehumet.
   589 | D        | Found a deep blue altar of Sif Muna.
   589 | D        | Found an ancient bone altar of Kikubaaqudgha.
   589 | D        | Noticed a wizard
   591 | D        | Noticed a chaos spawn
   595 | D        | Killed a wizard
   631 | D        | Learned a level 2 spell: Stoneskin
   635 | D        | Learned a level 3 spell: Stone Arrow
   639 | D        | Learned a level 3 spell: Passwall
   716 | D        | Found a glowing silver altar of Zin.
   717 | D        | Found a glowing golden altar of the Shining One.
   717 | D        | Found a white marble altar of Elyvilon.
   717 | D        | Noticed a deep elf priest
   724 | D        | Killed a deep elf priest
   724 | D        | Reached skill level 5 in Short Blades
   724 | D        | Reached skill level 10 in Dodging
   724 | D        | Reached skill level 11 in Stealth
   724 | D        | Reached skill level 1 in Transmutations
   724 | D        | Reached skill level 1 in Earth Magic
   724 | D        | Reached skill level 1 in Invocations
   724 | D        | Reached XP level 7. HP: 6/32 MP: 11/20
  1008 | D        | Killed a yaktaur
  1089 | D        | Found an iron altar of Okawaru.
  1090 | D        | Found a bloodstained altar of Trog.
  1090 | D        | Noticed a human
  1090 | D        | Noticed a human
  1092 | D        | Killed a human
  1093 | D        | Killed a human
  1093 | D        | Reached skill level 12 in Stealth
  1108 | D        | Found a snail-covered altar of Cheibriados.
  1108 | D        | Noticed a necrophage
  1109 | D        | Found a basalt altar of Yredelemnul.
  1109 | D        | Found a blossoming altar of Fedhas.
  1109 | D        | Noticed a necromancer
  1110 | D        | Killed a necrophage
  1111 | D        | Killed a necromancer
  1111 | D        | Acquired Dithmenos's first power
  1132 | D        | Killed a spatial vortex
  1132 | D        | Reached XP level 8. HP: 36/36 MP: 8/22
  1138 | D        | Learned a level 4 spell: Petrify
  1228 | D        | Noticed Erica
  1230 | D        | Killed Erica
  1230 | D        | Reached skill level 13 in Stealth
  1230 | D        | Reached skill level 10 in Spellcasting
  1230 | D        | Reached skill level 5 in Transmutations
  1257 | D        | Noticed an earth elemental
  1282 | D        | Killed an earth elemental
  1421 | D        | Noticed a centaur
  1421 | D        | Noticed a centaur warrior
  1421 | D        | Noticed a centaur
  1423 | D        | Killed a centaur
  1425 | D        | Killed a centaur warrior
  1425 | D        | Acquired Dithmenos's second power
  1425 | D        | Reached skill level 14 in Stealth
  1425 | D        | Reached skill level 5 in Ice Magic
  1425 | D        | Reached XP level 9. HP: 39/39 MP: 23/25
  1426 | D        | Killed a centaur
  1444 | D        | Learned a level 5 spell: Lee's Rapid Deconstruction
  1517 | D        | Noticed an unseen horror
  1519 | D        | Killed an unseen horror
  1529 | D        | Noticed a killer bee
  1529 | D        | Noticed a killer bee
  1529 | D        | Noticed a killer bee
  1529 | D        | Noticed a killer bee
  1529 | D        | Noticed a killer bee
  1529 | D        | Noticed a killer bee
  1529 | D        | Noticed a killer bee
  1529 | D        | Noticed a killer bee
  1529 | D        | Noticed a killer bee
  1529 | D        | Noticed a killer bee
  1529 | D        | Noticed a killer bee
  1529 | D        | Noticed a killer bee
  1529 | D        | Noticed a killer bee
  1529 | D        | Noticed a killer bee
  1529 | D        | Noticed a killer bee
  1530 | D        | Noticed a killer bee
  1530 | D        | Noticed a killer bee
  1531 | D        | Noticed a queen bee
  1531 | D        | Noticed a killer bee
  1531 | D        | Killed a killer bee
  1532 | D        | Noticed a killer bee
  1533 | D        | Noticed a killer bee
  1533 | D        | Noticed a killer bee
  1533 | D        | Noticed a killer bee
  1533 | D        | Killed a killer bee
  1534 | D        | Noticed a killer bee
  1534 | D        | Noticed a killer bee
  1535 | D        | Noticed a killer bee
  1535 | D        | Noticed a killer bee
  1535 | D        | Killed a killer bee
  1535 | D        | Acquired Dithmenos's third power
  1537 | D        | Noticed a killer bee
  1538 | D        | Noticed a killer bee
  1539 | D        | Killed a killer bee
  1541 | D        | Noticed a killer bee
  1542 | D        | Killed a killer bee
  1543 | D        | Noticed a killer bee
  1544 | D        | Noticed a killer bee
  1545 | D        | Noticed a killer bee
  1545 | D        | Killed a killer bee
  1547 | D        | Killed a killer bee
  1549 | D        | Killed a killer bee
  1553 | D        | Killed a killer bee
  1702 | D        | Killed a killer bee
  1702 | D        | Acquired Dithmenos's fourth power
  1705 | D        | Killed a killer bee
  1707 | D        | Killed a killer bee
  1709 | D        | Killed a killer bee
  1711 | D        | Killed a killer bee
  1711 | D        | Reached skill level 15 in Stealth
  1714 | D        | Killed a killer bee
  1716 | D        | Killed a killer bee
  1718 | D        | Killed a killer bee
  1720 | D        | Killed a killer bee
  1720 | D        | Reached XP level 10. HP: 44/44 MP: 2/27
  1882 | D        | Killed a killer bee
  1885 | D        | Killed a killer bee
  1887 | D        | Killed a killer bee
  1887 | D        | Reached skill level 5 in Earth Magic
  1889 | D        | Killed a killer bee
  1893 | D        | Killed a killer bee
  1895 | D        | Killed a killer bee
  1899 | D        | Killed a killer bee
  1901 | D        | Killed a killer bee
  1903 | D        | Killed a killer bee
  1905 | D        | Killed a killer bee
  1907 | D        | Killed a killer bee
  1907 | D        | Reached skill level 5 in Conjurations
  1909 | D        | Killed a killer bee
  2046 | D        | Killed a killer bee
  2053 | D        | Killed a killer bee
  2054 | D        | Killed a queen bee
  2190 | D        | Learned a level 5 spell: Phase Shift
  2191 | D        | Noticed a wandering mushroom
  2192 | D        | Noticed a wandering mushroom
  2192 | D        | Noticed a wandering mushroom
  2196 | D        | Killed a wandering mushroom
  2202 | D        | Killed a wandering mushroom
  2202 | D        | Reached skill level 1 in Translocations
  2203 | D        | Killed a wandering mushroom
  2281 | D        | Noticed a spiny frog
  2281 | D        | Noticed a komodo dragon
  2281 | D        | Noticed a spiny frog
  2284 | D        | Killed a spiny frog
  2284 | D        | Reached skill level 16 in Stealth
  2285 | D        | Killed a komodo dragon
  2287 | D        | Killed a spiny frog
  2287 | D        | Reached skill level 15 in Dodging
  2294 | D        | Noticed a redback
  2296 | D        | Killed a redback
  2297 | D        | Noticed a brain worm
  2300 | D        | Killed a brain worm
  2306 | D        | Noticed a brain worm
  2308 | D        | Killed a brain worm
  2308 | D        | Reached skill level 10 in Hexes
  2312 | D        | Noticed a lindwurm
  2314 | D        | Noticed a redback
  2315 | D        | Killed a lindwurm
  2317 | D        | Killed a redback
  2322 | D        | Noticed a redback
  2323 | D        | Killed a redback
  2324 | D        | Noticed Maud
  2337 | D        | Killed Maud
  2337 | D        | Reached XP level 11. HP: 17/47 MP: 18/29
  2541 | D        | Noticed an electric eel
  2542 | D        | Noticed a seven-headed hydra
  2542 | D        | Noticed an eight-headed hydra
  2545 | D        | Killed an electric eel
  2547 | D        | Killed a seven-headed hydra
  2547 | D        | Reached skill level 17 in Stealth
  2548 | D        | Killed an eight-headed hydra
  2548 | D        | Reached skill level 5 in Translocations
  2591 | D        | Noticed a death drake
  2594 | D        | Killed a death drake
  2601 | D        | Found a blossoming altar of Fedhas.
  2601 | D        | Noticed a spriggan
  2601 | D        | Noticed a spriggan druid
  2601 | D        | Noticed a spriggan
  2603 | D        | Killed a spriggan druid
  2604 | D        | Killed a spriggan
  2605 | D        | Killed a spriggan
  2634 | D        | Noticed an anaconda
  2634 | D        | Noticed a black mamba
  2643 | D        | Killed an anaconda
  2646 | D        | Killed a black mamba
  2775 | D        | Noticed an anaconda
  2781 | D        | Killed an anaconda
  2781 | D        | Reached skill level 18 in Stealth
  2813 | D        | Noticed a black mamba
  2813 | D        | Noticed a water moccasin
  2813 | D        | Noticed a black mamba
  2813 | D        | Noticed a black mamba
  2813 | D        | Noticed an anaconda
  2813 | D        | Noticed a black mamba
  2814 | D        | Killed a black mamba
  2816 | D        | Killed a black mamba
  2817 | D        | Noticed an anaconda
  2819 | D        | Killed a black mamba
  2823 | D        | Killed an anaconda
  2823 | D        | Reached skill level 10 in Transmutations
  2824 | D        | Killed a water moccasin
  2851 | D        | Killed an anaconda
  2851 | D        | Reached skill level 10 in Short Blades
  2857 | D        | Killed a black mamba
  2997 | D        | Noticed a black mamba
  2997 | D        | Noticed a water moccasin
  2997 | D        | Noticed a water moccasin
  2997 | D        | Noticed an anaconda
  2997 | D        | Noticed a water moccasin
  2998 | D        | Killed a black mamba
  2998 | D        | Reached skill level 15 in Spellcasting
  3000 | D        | Killed a water moccasin
  3001 | D        | Killed a water moccasin
  3001 | D        | Reached XP level 12. HP: 51/51 MP: 27/32
  3005 | D        | Killed an anaconda
  3007 | D        | Killed a water moccasin
  3064 | D        | Noticed a naga
  3064 | D        | Noticed a naga
  3065 | D        | Noticed a naga warrior
  3065 | D        | Noticed a greater naga
  3065 | D        | Found Faoreff's Distillery.
  3065 | D        | Found Oxuhev's Book Shoppe.
  3065 | D        | Found Posash's Antique Armour Boutique.
  3066 | D        | Killed a naga
  3067 | D        | Killed a naga
  3069 | D        | Killed a naga warrior
  3070 | D        | Killed a greater naga
  3070 | D        | Reached skill level 19 in Stealth
  3086 | D        | Learned a level 6 spell: Darkness
  3138 | D        | Noticed a guardian serpent
  3142 | D        | Killed a guardian serpent
  3143 | D        | Got a serpentine rune of Zot
  3237 | D        | Noticed a swamp drake
  3237 | D        | Noticed a fire drake
  3238 | D        | Killed a fire drake
  3240 | D        | Killed a swamp drake
  3249 | D        | Noticed a blink frog
  3249 | D        | Noticed a blink frog
  3249 | D        | Noticed a blink frog
  3250 | D        | Noticed a blink frog
  3251 | D        | Noticed a blink frog
  3264 | D        | Killed a blink frog
  3284 | D        | Killed a blink frog
  3286 | D        | Killed a blink frog
  3322 | D        | Killed a blink frog
  3326 | D        | Killed a blink frog
  3376 | D        | Noticed Rupert
  3378 | D        | Killed Rupert
  3400 | D        | Noticed a death yak
  3401 | D        | Noticed a death yak
  3401 | D        | Noticed a blink frog
  3402 | D        | Noticed an azure jelly
  3402 | D        | Noticed a death yak
  3402 | D        | Noticed an azure jelly
  3402 | D        | Noticed a blink frog
  3402 | D        | Noticed a death yak
  3403 | D        | Killed a death yak
  3404 | D        | Killed a death yak
  3405 | D        | Noticed a blink frog
  3410 | D        | Killed a blink frog
  3416 | D        | Killed a death yak
  3416 | D        | Reached skill level 20 in Stealth
  3668 | D        | Noticed a black mamba
  3670 | D        | Noticed a black mamba
  3676 | D        | Killed a blink frog
  3680 | D        | Killed a death yak
  3683 | D        | Killed a black mamba
  3687 | D        | Killed a black mamba
  3743 | D        | Killed a blink frog
  3823 | D        | Noticed a kraken
  3824 | D        | Noticed a snapping turtle
  3829 | D        | Noticed a snapping turtle
  3854 | D        | Killed a snapping turtle
  3854 | D        | Reached skill level 10 in Translocations
  3890 | D        | Killed a kraken
  3890 | D        | Reached XP level 13. HP: 44/55 MP: 20/34
  3958 | D        | Noticed a snapping turtle
  3958 | D        | Noticed an alligator snapping turtle
  3958 | D        | Noticed a snapping turtle
  3958 | D        | Noticed an alligator snapping turtle
  3958 | D        | Found Ylas's Jewellery Shop.
  3958 | D        | Found Macruq's Antique Weapon Boutique.
  3958 | D        | Found Askuejus's Magic Scroll Shoppe.
  3959 | D        | Killed a snapping turtle
  3962 | D        | Killed an alligator snapping turtle
  3963 | D        | Killed an alligator snapping turtle
  3965 | D        | Killed a snapping turtle
  3966 | D        | Killed a snapping turtle
  3972 | D        | Got a barnacled rune of Zot
  4019 | D        | Noticed an azure jelly
  4019 | D        | Noticed an azure jelly
  4020 | D        | Noticed an elephant
  4020 | D        | Noticed an elephant
  4020 | D        | Noticed a dire elephant
  4020 | D        | Noticed a dire elephant
  4020 | D        | Noticed Gastronok
  4041 | D        | Killed Gastronok
  4041 | D        | Reached skill level 21 in Stealth
  4251 | D        | Killed a dire elephant
  4263 | D        | Killed a dire elephant
  4269 | D        | Killed an elephant
  4277 | D        | Killed an elephant
  4449 | D        | Gained mutation: You are partially covered in rugged brown scales (AC +1, +3% HP). [potion of mutation]
  4449 | D        | Gained mutation: You occasionally shout uncontrollably at your foes. [potion of mutation]
  4449 | D        | Lost mutation: You have large cloven feet. [potion of mutation]
  4450 | D        | Gained mutation: You are agile. (Dex +2) [potion of mutation]
  4450 | D        | Lost mutation: You are partially covered in rugged brown scales (AC +1, +3% HP). [potion of mutation]
  4450 | D        | Gained mutation: Your spells are harder to cast, but more powerful. [potion of mutation]
  4508 | D        | Noticed Harold
  4508 | D        | Noticed Joseph
  4510 | D        | Killed Harold
  4511 | D        | Killed Joseph
  4522 | D        | Learned a level 6 spell: Mass Confusion
  4568 | D        | Found a roughly hewn altar of Beogh.
  4568 | D        | Noticed an orc warrior
  4569 | D        | Noticed an orc warrior
  4569 | D        | Noticed an orc priest
  4569 | D        | Noticed an orc priest
  4569 | D        | Noticed an orc wizard
  4569 | D        | Noticed an orc wizard
  4569 | D        | Noticed an orc priest
  4569 | D        | Noticed an orc sorcerer
  4569 | D        | Noticed an orc priest
  4569 | D        | Found Eqodd's General Store.
  4574 | D        | Killed an orc priest
  4578 | D        | Killed an orc priest
  4579 | D        | Killed an orc wizard
  4582 | D        | Killed an orc sorcerer
  4583 | D        | Killed an orc priest
  4590 | D        | Killed an orc warrior
  4595 | D        | Killed an orc priest
  4595 | D        | Killed an orc wizard
  4599 | D        | Killed an orc warrior
  4843 | D        | Bought a potion of curing for 33 gold pieces
  4843 | D        | Bought a scroll of identify for 22 gold pieces
  4843 | D        | Bought a scroll of enchant weapon for 82 gold pieces
  4843 | D        | Bought a potion of invisibility for 88 gold pieces
  4843 | D        | Bought a +1 cloak of poison resistance for 148 gold pieces
  4858 | D        | Noticed a deep elf priest
  4858 | D        | Noticed a deep elf priest
  4858 | D        | Noticed a deep elf conjurer
  4858 | D        | Noticed a deep elf priest
  4858 | D        | Noticed a deep elf knight
  4863 | D        | Noticed a deep elf demonologist
  4868 | D        | Killed a deep elf conjurer
  4880 | D        | Killed a deep elf priest
  4882 | D        | Killed a deep elf priest
  5064 | D        | Killed a deep elf priest
  5103 | D        | Killed a deep elf knight
  5153 | D        | Noticed a deep elf demonologist
  5156 | D        | Noticed a deep elf conjurer
  5265 | D        | Noticed a deep elf death mage
  5455 | D        | Killed a deep elf demonologist
  5456 | D        | Noticed a deep elf demonologist
  5501 | D        | Noticed a deep elf high priest
  5503 | D        | Killed a deep elf conjurer
  5571 | D        | Noticed a deep elf blademaster
  5574 | D        | Killed a deep elf high priest
  5574 | D        | Reached skill level 22 in Stealth
  6062 | D        | Noticed a balrug
  6062 | D        | Killed a deep elf demonologist
  6448 | D        | Killed a deep elf blademaster
  6449 | D        | Noticed a balrug
  6450 | D        | Noticed a reaper
  6450 | D        | Killed a balrug
  6451 | D        | Killed a deep elf demonologist
  7241 | D        | Killed an azure jelly
  7309 | D        | Killed an azure jelly
  7309 | D        | Reached XP level 14. HP: 59/59 MP: 37/37
  7310 | D        | Killed an azure jelly
  7311 | D        | Killed an azure jelly
  7349 | D        | Bought a scroll of identify for 22 gold pieces
  7349 | D        | Bought a scroll of blinking for 82 gold pieces
  7349 | D        | Bought a scroll of identify for 22 gold pieces
  7349 | D        | Bought a scroll of identify for 22 gold pieces
  7503 | D        | Killed a deep elf death mage
  7503 | D        | Reached skill level 10 in Earth Magic
  7628 | D        | Got a polished short sword
  7628 | D        | Got a slimy spear
  7641 | D        | Got an ancient arbalest
  7652 | D        | Got an ivory hunting sling
  7654 | D        | Identified the Handbook of Ice and Arcane Weapons
  7672 | D        | Identified the +9 short sword of the Thirteen Lives {pierce, Int+6 SInv Stlth-} (You took it off a deep elf conjurer in the Dungeon)
  7765 | D        | Learned a level 1 spell: Apportation
  7781 | D        | Learned a level 3 spell: Mephitic Cloud
  7846 | D        | Noticed an orc high priest
  7846 | D        | Noticed an orc high priest
  7886 | D        | Killed an orc high priest
  7892 | D        | Noticed an orc high priest
  7902 | D        | Killed an orc high priest
  7908 | D        | Noticed an orc high priest
  7918 | D        | Killed an orc high priest
  7926 | D        | Killed an orc high priest
  7946 | D        | Noticed a spriggan defender
  7947 | D        | Noticed a spriggan defender
  7947 | D        | Noticed a spriggan defender
  7947 | D        | Noticed a spriggan defender
  7948 | D        | Killed a spriggan defender
  7949 | D        | Killed a spriggan defender
  7951 | D        | Killed a spriggan defender
  7952 | D        | Killed a spriggan defender
  7952 | D        | Reached skill level 1 in Evocations
  7987 | D        | Identified the Tome of the Glacier
  7998 | D        | Noticed a centaur warrior
  8000 | D        | Killed a centaur warrior
  8000 | D        | Reached skill level 23 in Stealth
  8000 | D        | Reached skill level 1 in Air Magic
  8000 | D        | Reached skill level 1 in Poison Magic
  8010 | D        | Noticed a fire dragon
  8013 | D        | Killed a fire dragon
  8019 | D        | Noticed a centaur warrior
  8023 | D        | Killed a centaur warrior
  8032 | D        | Noticed a slime creature
  8034 | D        | Killed a slime creature
  8040 | D        | Noticed a slime creature
  8042 | D        | Killed a slime creature
  8061 | D        | Noticed a flail of draining
  8061 | D        | Noticed a short sword of draining
  8062 | D        | Noticed a battleaxe of chopping
  8063 | D        | Noticed a long sword of holy wrath
  8080 | D        | Killed a battleaxe of chopping
  8081 | D        | Killed a flail of draining
  8084 | D        | Killed a short sword of draining
  8100 | D        | Killed a long sword of holy wrath
  8100 | D        | Reached skill level 10 in Ice Magic
  8112 | D        | Got a warped rapier
  8119 | D        | Identified the +1 rapier "Amnaxzoe" {vamp, +Blink rF+ Str+3 Stlth-} (You found it in the Dungeon)
  8239 | D        | Noticed a yaktaur captain
  8239 | D        | Noticed a slime creature
  8240 | D        | Noticed a purple ugly thing
  8240 | D        | Noticed a cyan ugly thing
  8240 | D        | Noticed a faun
  8240 | D        | Noticed a slime creature
  8240 | D        | Noticed a green ugly thing
  8240 | D        | Noticed an anubis guard
  8240 | D        | an anubis guard changed into a yaktaur
  8253 | D        | a faun changed into an eye of devastation
  8254 | D        | Killed a cyan ugly thing
  8320 | D        | Killed a purple ugly thing
  8338 | D        | Killed a slime creature
  8348 | D        | Killed a slime creature
  8369 | D        | Killed a green ugly thing
  8388 | D        | Killed a yaktaur captain
  8467 | D        | Noticed a skeletal warrior
  8468 | D        | Noticed an iron golem
  8469 | D        | Killed a skeletal warrior
  8470 | D        | Killed an iron golem
  8484 | D        | Noticed a necromancer
  8488 | D        | Killed a necromancer
  8515 | D        | Noticed a hell knight
  8515 | D        | Noticed a hell knight
  8516 | D        | Noticed a hell knight
  8516 | D        | Noticed a hell knight
  8519 | D        | Killed a hell knight
  8521 | D        | Killed a hell knight
  8522 | D        | Killed a hell knight
  8532 | D        | Killed a hell knight
  8546 | D        | Noticed a lich
  8548 | D        | Killed a lich
  8548 | D        | Reached skill level 5 in Evocations
  8618 | D        | Noticed a guardian mummy
  8628 | D        | Killed a guardian mummy
  8703 | D        | Noticed a sphinx
  8703 | D        | Noticed a sphinx
  8704 | D        | Noticed a guardian mummy
  8705 | D        | Killed a sphinx
  8706 | D        | Killed a sphinx
  8706 | D        | Reached skill level 24 in Stealth
  8708 | D        | Killed a guardian mummy
  8722 | D        | Noticed a guardian mummy
  8722 | D        | Noticed a guardian mummy
  8724 | D        | Killed a guardian mummy
  8726 | D        | Killed a guardian mummy
  8828 | D        | Noticed a guardian mummy
  8829 | D        | Noticed a guardian mummy
  8829 | D        | Noticed a mummy priest
  8830 | D        | Killed a guardian mummy
  8831 | D        | Noticed a guardian mummy
  8832 | D        | Killed a guardian mummy
  8834 | D        | Killed a mummy priest
  8898 | D        | Killed a guardian mummy
  9008 | D        | Noticed Chuck
  9011 | D        | Killed Chuck
  9011 | D        | Reached skill level 5 in Poison Magic
  9099 | D        | Noticed a slime creature
  9101 | D        | Killed a slime creature
  9105 | D        | Noticed Frederick
  9106 | D        | Killed Frederick
  9106 | D        | Reached skill level 15 in Hexes
  9106 | D        | Reached XP level 15. HP: 63/63 MP: 39/39
  9133 | D        | Noticed a lich
  9133 | D        | Noticed a manticore
  9135 | D        | Killed a lich
  9135 | D        | Reached skill level 15 in Transmutations
  9137 | D        | Killed a manticore
  9137 | D        | Reached skill level 5 in Air Magic
  9152 | D        | Noticed a white ugly thing
  9152 | D        | Noticed a green ugly thing
  9152 | D        | Noticed a slime creature
  9157 | D        | Noticed a shadow dragon
  9157 | D        | Killed a green ugly thing
  9159 | D        | Killed a green ugly thing
  9175 | D        | Noticed a shadow dragon
  9176 | D        | Killed a slime creature
  9192 | D        | Killed a shadow dragon
  9192 | D        | Reached skill level 10 in Conjurations
  9194 | D        | Noticed an ogre mage
  9241 | D        | Killed a shadow dragon
  9256 | D        | Killed an ogre mage
  9429 | D        | Learned a level 4 spell: Throw Icicle
  9431 | D        | Noticed an obsidian statue
  9447 | D        | Killed an obsidian statue
  9447 | D        | Reached skill level 25 in Stealth
  9579 | D        | Noticed an obsidian statue
  9587 | D        | Killed an obsidian statue
  9599 | D        | Found Ydwadeamm's Jewellery Emporium.
  9599 | D        | Found Fudwauli's Gadget Shop.
  9599 | D        | Found Haumn's General Store.
  9599 | D        | Found Ilorch's Antique Armour Shoppe.
  9599 | D        | Found Qeulyuq's Distillery.
  9599 | D        | Found Eleer's Food Emporium.
  9599 | D        | Found Godech's Assorted Antiques.
  9599 | D        | Found Roisisoq's Book Shop.
  9599 | D        | Found Rutwadupn's Jewellery Shop.
  9599 | D        | Found Xeidif's Armour Emporium.
  9599 | D        | Found Lotuuw's Magic Scroll Emporium.
  9599 | D        | Found Zoanihu's Antique Weapon Boutique.
  9614 | D        | Bought a scroll of identify for 22 gold pieces
  9614 | D        | Bought a scroll of identify for 22 gold pieces
  9614 | D        | Bought a scroll of identify for 22 gold pieces
  9614 | D        | Bought a scroll of magic mapping for 38 gold pieces
  9650 | D        | Noticed a crystal guardian
  9650 | D        | Noticed a crystal guardian
  9650 | D        | Noticed a crystal guardian
  9650 | D        | Noticed a crystal guardian
  9651 | D        | Killed a crystal guardian
  9653 | D        | Killed a crystal guardian
  9681 | D        | Killed a crystal guardian
  9786 | D        | Noticed a fire elementalist statue
  9786 | D        | Noticed an earth elementalist statue
  9788 | D        | Killed a fire elementalist statue
  9789 | D        | Noticed a water elementalist statue
  9789 | D        | Noticed an air elementalist statue
  9790 | D        | Killed a crystal guardian
  9790 | D        | Killed a water elementalist statue
  9792 | D        | Killed an air elementalist statue
  9795 | D        | Killed an earth elementalist statue
  9798 | D        | Noticed a shadow wraith
  9800 | D        | Noticed a vampire knight
  9808 | D        | Killed a shadow wraith
  9808 | D        | Reached skill level 15 in Translocations
  9811 | D        | Noticed a molten gargoyle
  9811 | D        | Noticed a vampire knight
  9811 | D        | Noticed Mara
  9883 | D        | Killed a molten gargoyle
  9996 | D        | Killed a vampire knight
 10209 | D        | Killed a vampire knight
 10215 | D        | Noticed Kidiri's illusion
 10222 | D        | Killed Mara
 10384 | D        | Noticed a slime creature
 10386 | D        | Noticed a large slime creature
 10386 | D        | Noticed a slime creature
 10386 | D        | Noticed a slime creature
 10387 | D        | Killed a slime creature
 10388 | D        | Killed a slime creature
 10390 | D        | Killed a large slime creature
 10392 | D        | Killed a slime creature
 10396 | D        | Noticed a skeletal warrior
 10396 | D        | Noticed a skeletal warrior
 10396 | D        | Noticed a mummy priest
 10397 | D        | Noticed an oklob plant
 10397 | D        | Noticed an oklob plant
 10398 | D        | Killed a mummy priest
 10399 | D        | Found Geer Yma's Distillery.
 10399 | D        | Found Zemuuroh's Gadget Shop.
 10399 | D        | Found Saugyag's Food Shop.
 10399 | D        | Found Yvohul's Food Emporium.
 10399 | D        | Noticed Roxanne
 10400 | D        | Killed an oklob plant
 10402 | D        | Killed an oklob plant
 10533 | D        | Noticed a ball lightning
 10533 | D        | Noticed a ball lightning
 10533 | D        | Noticed a hornet
 10541 | D        | Killed a skeletal warrior
 10565 | D        | Noticed a wasp
 10566 | D        | Noticed a ball lightning
 10567 | D        | Killed a ball lightning
 10567 | D        | Killed a ball lightning
 10567 | D        | Killed a ball lightning
 10568 | D        | Killed a ball lightning
 10568 | D        | Killed a hornet
 10568 | D        | HP: 3/63 [ball lightning (39)]
 10568 | D        | Killed a wasp
 10569 | D        | Killed a ball lightning
 10569 | D        | Killed by an exploding ball lightning

Vault maps used:
D:        dungeon_sprint_mu

Action                   |  1- 3 |  4- 6 |  7- 9 | 10-12 | 13-15 || total
-------------------------+-------+-------+-------+-------+-------++-------
Melee: Dagger            |    15 |    11 |    40 |   101 |    47 ||   214
       Short sword       |       |       |       |       |    97 ||    97
 Cast: Corona            |     2 |       |       |       |       ||     2
       Ensorcelled Hiber |     3 |     1 |    28 |    52 |    35 ||   119
       Confuse           |     2 |       |       |     4 |    27 ||    33
       Dazzling Spray    |       |     5 |       |    16 |    75 ||    96
       Tukima's Dance    |       |     1 |       |     3 |    14 ||    18
       Stone Arrow       |       |       |    10 |    12 |   108 ||   130
       Stoneskin         |       |       |       |     3 |     2 ||     5
       Passwall          |       |       |       |     3 |     3 ||     6
       Phase Shift       |       |       |       |     1 |     8 ||     9
       Mass Confusion    |       |       |       |       |     3 ||     3
       Apportation       |       |       |       |       |     7 ||     7
       Mephitic Cloud    |       |       |       |       |     1 ||     1
       Lee's Rapid Decon |       |       |       |       |     9 ||     9
Invok: Shadow Step       |       |       |       |     9 |    19 ||    28
 Abil: Evoke Invisibilit |       |       |       |       |     2 ||     2
  Use: Potion            |     2 |     4 |       |       |     5 ||    11
       Scroll            |       |     2 |       |       |    10 ||    12
 Stab: Sleeping          |     3 |     3 |    27 |    65 |    54 ||   152
       Confused          |     1 |       |       |       |    18 ||    19
       Invisible         |       |     1 |       |     4 |     1 ||     6
       Distracted        |       |       |       |       |     2 ||     2
  Eat: Bread ration      |       |       |       |     1 |       ||     1
       Fruit             |       |       |       |       |     8 ||     8
